 Dungeon Crawl Stone Soup version 0.31.0-9-g3a7656b989 (webtiles) character file.

Game seed: 11872972856235733747

1877 qw the Skirmisher (level 8, 0/44 (46) HPs)
             Began as a Deep Elf Hunter on Feb 2, 2024.
             Was a Follower of Okawaru.
             Slain by a wight
             ... wielding a +1 battleaxe
              (4 damage)
             ... on level 7 of the Dungeon.
             The game lasted 00:00:30 (5629 turns).

qw the Skirmisher (Deep Elf Hunter)                 Turns: 5629, Time: 00:00:31

HP:   0/44 (46)     AC: 11    Str: 16    XL:     8   Next: 91%
MP:   12/13         EV: 16    Int: 15    God:    Okawaru [*.....]
Gold: 316           SH:  0    Dex: 18    Spells: 7/7 levels left

rFire   + . .        a - +2 shortbow
rCold   + . .        (shield currently unavailable)
rNeg    . . .        b - +2 ring mail {rC+}
rPois   .            (no helmet)
rElec   .            k - +0 cloak
rCorr   .            (no gloves)
SInv    .            m - +0 pair of boots
Will    .....        d - amulet of faith
Stlth   +++          i - +6 ring of strength
HPRegen 0.27/turn    (no ring)
MPRegen 0.13/turn

%: faith
@: heroic, lightly drained
A: fire resistance 1
a: Renounce Religion, Heroism


You were on level 7 of the Dungeon.
You worshipped Okawaru.
Okawaru was aware of your devotion.
You visited 1 branch of the dungeon, and saw 7 of its levels.

You collected 316 gold pieces.


Innate Abilities, Weirdness & Mutations

Your flesh is heat resistant. (rF+)


   Skills:
 - Level 3.0(8.0) Fighting
 + Level 13.2(18.2) Ranged Weapons
 - Level 1.3(6.3) Armour
 - Level 5.1(10.1) Dodging
 - Level 1.2(6.2) Stealth
 - Level 4.0 Invocations


You had 7 spell levels left.
You didn't know any spells.
Your spell library was empty.

Inventory:

Hand Weapons
 a - a +2 shortbow (weapon)
Armour
 b - a +2 ring mail of cold resistance (worn)
 k - a +0 cloak (worn)
 m - a +0 pair of boots (worn)
Jewellery
 c - the amulet "Idoel" {RegenMP rPois rF+}
   (You took it off a goblin on level 3 of the Dungeon)

   [amulet of magic regeneration]

   RegenMP:   It increases your rate of magic regeneration.
   rF+:       It protects you from fire.
   rPois:     It protects you from poison
 d - an amulet of faith (around neck)
 i - a +6 ring of strength (left hand)
Wands
 e - a wand of roots (5)
 f - a wand of flame (13)
Scrolls
 j - 2 scrolls of teleportation
Potions
 g - a potion of brilliance {unknown}
 h - a potion of enlightenment
 l - a potion of heal wounds
 n - a potion of ambrosia {unknown}

Dungeon Overview and Level Annotations

Branches:
Dungeon (7/15)             Temple (0/1) D:7

Altars:
Cheibriados
Elyvilon
Gozag
Kikubaaqudgha
Makhleb
Nemelex Xobeh
Okawaru
Ru
Sif Muna
Trog
Uskayaw
Xom
The Shining One

Shops:
D:1 [

Annotations:
D:3 2 transporters, exclusion: 5 iron imps


Message History

The wight is lightly damaged.
The centaur unwields a +0 shortbow.
The centaur hits you but does no damage.
The centaur kicks you but does no damage.
You shoot an arrow. The arrow hits the centaur!
The centaur is heavily wounded.
The centaur misses you. x3
The centaur kicks you but does no damage.
You shoot an arrow.
The arrow hits the centaur but does no damage.
The centaur is heavily wounded.
The centaur hits you. The centaur completely misses you.
You shoot an arrow. The arrow hits the centaur!
The centaur is severely wounded.
You hear an angry buzzing noise.
The centaur completely misses you. The centaur barely misses you.
A killer bee comes into view.
You hear a shout!
You shoot an arrow. The killer bee buzzes angrily.
The arrow hits the centaur but does no damage.
The centaur is severely wounded.
The centaur hits you but does no damage.
The centaur closely misses you.
You shoot an arrow. The arrow hits the centaur.
You kill the centaur!
Okawaru accepts your kill.
Your Invocations skill increases to level 4!
You shoot an arrow.
The arrow hits the wight but does no damage.
The wight is lightly damaged.
You shoot an arrow. The arrow barely misses the wight.
The arrow hits the wight!
The wight is severely damaged.
The wight hits you with a +1 battleaxe!
You shoot an arrow. The arrow closely misses the wight.
The arrow hits the wight!
You destroy the wight!
Okawaru accepts your kill. The wight hits you with a +1 battleaxe!
You feel drained.
You die...

.#....#.## ..##
#..>.#.# ..# #....#.##
y.....##...b#
zzz.#.####..# #z# #.#
##..###.# #)# #.#
#.>.....# #z#
#.###...#####
#..####@###.......#
......)................
#.#####....(.....######
#####.####.#
#..........#
........######
#########


You could see a killer bee and 5 wights.

Vanquished Creatures
  Grinder (D:5)
  Sigmund (D:3)
  A water moccasin (D:6)
  An ice beast (D:6)
  A black bear (D:5)
  3 ogres (D:6)
  3 centaurs
  2 scorpions
  2 wights (D:7)
  2 killer bees (D:7)
  A bombardier beetle (D:5)
  2 jellies
  A sleepcap (D:5)
  A hound (D:6)
  Ijyb (D:5)
  2 iguanas
  An orc wizard (D:6)
  4 gnolls (D:2)
  5 adders
  A shadow imp (D:6)
  4 ufetubi (D:5)
  3 ribbon worms
  11 orcs
  7 ball pythons
  6 bats
  6 endoplasms
  4 giant cockroaches
  8 goblins
  8 hobgoblins
  4 quokkas
  4 frilled lizards
  5 kobolds
  2 rats (D:1)
108 creatures vanquished.

Notes
Turn   | Place    | Note
-------+----------+-------------------------------------------
     0 | D:1      | qw the Deep Elf Hunter began the quest for the Orb.
     0 | D:1      | Reached XP level 1. HP: 12/12 MP: 3/3
     0 | D:1      | 0 ||| qw: Version: 0.3-a-155-g5e7d8dd
     0 | D:1      | 0 ||| qw: Game counter: 1919
     0 | D:1      | 0 ||| qw: Melee chars always use a shield: true
     0 | D:1      | 0 ||| qw: God list: Okawaru
     0 | D:1      | 0 ||| qw: Allow faded altars: false
     0 | D:1      | 0 ||| qw: Do Orc after clearing Dungeon:15 true
     0 | D:1      | 0 ||| qw: Do second Lair branch before Depths: true
     0 | D:1      | 0 ||| qw: Lair rune preference: random
     0 | D:1      | 0 ||| qw: Goals: Normal
     0 | D:1      | 0 ||| PLANNING D:1-11
   179 | D:1      | Reached XP level 2. HP: 16/16 MP: 4/4
   183 | D:1      | Reached skill level 6 in Ranged Weapons
   607 | D:1      | Found Toorcha's Armour Shoppe.
   622 | D:1      | 622 ||| SHOPLISTING +0 helmet (54 gold, have 30).
   622 | D:1      | 622 ||| SHOPLISTING +0 ring mail (48 gold, have 30).
   622 | D:1      | 622 ||| SHOPLISTING +1 pair of boots of stealth (198 gold,
                  | have 30).
   622 | D:1      | 622 ||| SHOPLISTING +2 ring mail of willpower (252 gold,
                  | have 30).
   622 | D:1      | 622 ||| SHOPLISTING +3 leather armour (228 gold, have 30).
   647 | D:1      | Reached XP level 3. HP: 20/20 MP: 5/5
   893 | D:1      | 893 ||| UPGRADING to +0 ring mail.
   903 | D:1      | 903 ||| DROPPING +0 leather armour.
   904 | D:1      | 904 ||| READING 2 scrolls labelled KEMNYX WEXA.
   904 | D:1      | 904 ||| IDENTIFYING glowing red potion
   905 | D:1      | 905 ||| READING scroll of identify.
   905 | D:1      | 905 ||| IDENTIFYING bubbling black potion
   906 | D:1      | 906 ||| READING scroll labelled NOTUIM PAOHURR.
   907 | D:1      | 907 ||| DROPPING scroll of butterflies.
   908 | D:1      | 908 ||| DROPPING potion of lignification.
   916 | D:2      | 916 ||| STAIRDANCE
   921 | D:2      | 921 ||| STAIRDANCE
  1000 | D:2      | Identified the +0 leather armour of the Dowdy God {Harm
                  | *Corrode rC+ Dex+3}
  1091 | D:2      | Reached skill level 7 in Ranged Weapons
  1095 | D:2      | HP: 5/20 [poisoned by an adder]
  1199 | D:2      | 1199 ||| READING scroll of identify.
  1199 | D:2      | 1199 ||| IDENTIFYING bubbling ruby potion
  1200 | D:2      | 1200 ||| DROPPING potion of invisibility.
  1644 | D:2      | Reached XP level 4. HP: 25/25 MP: 6/6
  1841 | D:2      | Reached skill level 8 in Ranged Weapons
  2147 | D:2      | 2147 ||| UPGRADING to +0 cloak.
  2152 | D:2      | 2152 ||| UPGRADING to +6 ring of strength.
  2153 | D:2      | 2153 ||| READING 2 scrolls labelled KILICW BOXTIC.
  2154 | D:2      | 2154 ||| READING scroll labelled GELAQU JA IRA.
  2155 | D:2      | 2155 ||| READING 2 scrolls labelled TAOS OTIVAASS.
  2158 | D:2      | 2158 ||| DROPPING scroll of amnesia.
  2204 | D:3      | You fall into a shaft and drop 1 floor!
  2205 | D:4      | 2205 ||| READING scroll of identify.
  2205 | D:4      | 2205 ||| IDENTIFYING brown potion
  2206 | D:4      | 2206 ||| DROPPING potion of degeneration.
  2321 | D:3      | Noticed Sigmund
  2335 | D:3      | 2335 ||| DRINKING fizzy red potion.
  2335 | D:3      | Gained mutation: Your flesh is heat resistant. (rF+)
                  | [potion of mutation]
  2338 | D:3      | HP: 6/25 [Sigmund/+0 scythe (3)]
  2339 | D:3      | 2339 ||| DRINKING potion of heal wounds.
  2352 | D:3      | Killed Sigmund
  2353 | D:3      | Reached skill level 9 in Ranged Weapons
  2353 | D:3      | Reached XP level 5. HP: 17/29 MP: 7/7
  2353 | D:3      | Reached XP level 6. HP: 20/34 MP: 8/8
  2479 | D:3      | Found a transporter.
  2479 | D:3      | Found a transporter.
  2479 | D:3      | Noticed an ice beast
  2481 | D:3      | Found a sacrificial altar of Ru.
  2490 | D:3      | Identified the amulet "Idoel" {RegenMP rPois rF+}
  2491 | D:3      | 2491 ||| UPGRADING to +2 ring mail of cold resistance.
  2552 | D:3      | 2552 ||| DROPPING +0 leather armour of the Dowdy God {Harm
                  | *Corrode rC+ Dex+3}.
  2553 | D:3      | 2553 ||| DROPPING +0 ring mail.
  2662 | D:3      | Found a burning altar of Makhleb.
  2784 | D:3      | 2784 ||| UPGRADING to amulet "Idoel" {RegenMP rPois rF+}.
  2925 | D:4      | Found a hide-covered altar of Uskayaw.
  3424 | D:4      | 3424 ||| UPGRADING to +0 pair of boots.
  3429 | D:4      | 3429 ||| DROPPING amulet of magic regeneration.
  3430 | D:4      | 3430 ||| READING scroll labelled MIMUEX DAUKAARGH.
  3431 | D:4      | 3431 ||| READING scroll labelled SYBOCZETZUD.
  3431 | D:4      | 3431 ||| ENCHANTING +0 shortbow.
  3432 | D:4      | 3432 ||| READING scroll labelled MEANAR NACWOS.
  3495 | D:4      | 3495 ||| READING scroll labelled SUANUOSI HEAG.
  3499 | D:5      | Entered Level 5 of the Dungeon
  3505 | D:5      | Reached skill level 3 in Dodging
  3567 | D:5      | Reached skill level 1 in Armour
  3811 | D:5      | Noticed Grinder
  3823 | D:5      | Killed Grinder
  3824 | D:5      | Reached skill level 10 in Ranged Weapons
  3824 | D:5      | Reached XP level 7. HP: 20/40 MP: 9/9
  3905 | D:5      | Found an iron altar of Okawaru.
  3906 | D:5      | 3906 ||| PLANNING OKAWARU WORSHIP
  3908 | D:5      | Noticed Ijyb
  3925 | D:5      | Killed Ijyb
  4010 | D:5      | Reached skill level 11 in Ranged Weapons
  4395 | D:5      | 4395 ||| UPGRADING to amulet of faith.
  4405 | D:5      | 4405 ||| DRINKING 2 fizzy dark potions.
  4435 | D:5      | Became a worshipper of Warmaster Okawaru
  4436 | D:5      | 4436 ||| PLANNING D:1-11
  4610 | D:6      | Found a bloodstained altar of Trog.
  4624 | D:6      | Reached XP level 8. HP: 17/45 MP: 10/10
  4635 | D:6      | HP: 11/45 [something/magic dart (3)]
  4637 | D:6      | Reached skill level 12 in Ranged Weapons
  4669 | D:6      | 4669 ||| FLEEEEING.
  4677 | D:6      | 4677 ||| FLEEEEING.
  4679 | D:6      | 4679 ||| FLEEEEING.
  4680 | D:6      | 4680 ||| STAIRDANCE
  4784 | D:6      | Found a shimmering blue altar of Sif Muna.
  4784 | D:6      | Found an opulent altar of Gozag.
  4784 | D:6      | Found a snail-covered altar of Cheibriados.
  4784 | D:6      | Found a glowing golden altar of the Shining One.
  4794 | D:6      | Reached skill level 3 in Fighting
  4918 | D:6      | Reached * piety under Okawaru
  4997 | D:6      | Found a white marble altar of Elyvilon.
  4997 | D:6      | Found a shimmering altar of Xom.
  5001 | D:6      | Found a sparkling altar of Nemelex Xobeh.
  5043 | D:6      | Reached skill level 1 in Invocations
  5206 | D:6      | Reached skill level 13 in Ranged Weapons
  5310 | D:6      | Reached skill level 3 in Invocations
  5495 | D:6      | Found an ancient bone altar of Kikubaaqudgha.
  5571 | D:7      | Found a staircase to the Ecumenical Temple.
  5575 | D:7      | 5575 ||| READING scroll of enchant weapon.
  5575 | D:7      | 5575 ||| ENCHANTING +1 shortbow.
  5606 | D:7      | 5606 ||| INVOKING Heroism.
  5629 | D:7      | HP: 4/46 [wight/+1 battleaxe (13)]
  5629 | D:7      | Slain by a wight

Levels and vault maps discovered:
D:1:      dpeg_arrival_orchard, layout_basic, serial_shops,
          nicolae_shop_peninsula
D:2:      layout_basic, serial_co_window_serial, co_window_paths_b,
          co_window_corner_a, co_window_corner_a, co_window_paths_a,
          co_window_of_opportunity_a, co_window_paths_c,
          co_window_of_opportunity_c, co_window_2corner, co_window_2corner,
          co_window_broadway_b, co_window_paths_e, co_window_4corner_b,
          glass_columns_c, glass_columns_b, glass_columns_a, st_stairs_1,
          supply_closet_lemuel, minmay_goblin_kobold_house
D:3:      layout_rooms, gammafunk_temple_overflow_arena, demons_altar,
          uniq_sigmund
D:4:      layout_loops_cross, lemuel_tele_altar
D:5:      layout_cave_pods, mainiacjoe_overflow_catwalk, uniq_grinder, uniq_ijyb
D:6:      layout_rooms, nicolae_kikubaaqudgha_miasma_corner,
          grunt_temple_overflow_open, serial_corexii_hall,
          corexii_hall_statues_x, chequers_hall_statues_corner_a
D:7:      layout_loops_ring, minmay_temple_entry_butterflies

Skill      XL: |  1  2  3  4  5  6  7  8 |
---------------+-------------------------+-----
Ranged Weapons | 6 7 9 10 11 13 | 13.2
Fighting       | 2 3 |  3.0
Dodging        | 3 4 5 |  5.1
Armour         | 1 |  1.3
Invocations    | 4 |  4.0
Stealth        | |  1.2

Action                     |  1- 3 |  4- 6 |  7- 9 || total
---------------------------+-------+-------+-------++-------
   Fire: Shortbow          |   108 |   163 |   199 ||   470
 Invoke: Heroism           |       |       |     1 ||     1
    Use: Scroll            |     4 |     8 |     1 ||    13
         Potion            |       |     2 |     1 ||     3
 Armour: Leather armour    |    13 |       |       ||    13
         Ring mail         |    19 |    43 |    89 ||   151
         Skin              |       |     3 |       ||     3
  Dodge: Dodged            |    25 |    46 |    59 ||   130

Table legend:
 A = Non-vault XP
 B = Vault XP
 C = Vault XP percentage of total XP
 D = Non-vault monster count
 E = Vault monster count
 F = Vault count percentage of total count
                 A         B        C        D         E       F
            +---------+---------+-------+---------+---------+-------
      Total |    2177 |     577 |  21.0 |      97 |      11 |  10.2
            +---------+---------+-------+---------+---------+-------
        D:1 |      46 |       0 |   0.0 |      28 |       0 |   0.0
        D:2 |     102 |      16 |  13.6 |      14 |       8 |  36.4
        D:3 |      47 |     239 |  83.6 |      18 |       1 |   5.3
        D:4 |     126 |       0 |   0.0 |       4 |       0 |   0.0
        D:5 |     348 |     322 |  48.1 |      11 |       2 |  15.4
        D:6 |    1124 |       0 |   0.0 |      17 |       0 |   0.0
        D:7 |     384 |       0 |   0.0 |       5 |       0 |   0.0
            +---------+---------+-------+---------+---------+-------
